 Dungeon Crawl Stone Soup version 0.29.0-4-gdea44cf6ec (webtiles) character file.

Game seed: 6019868615092950041

80420 qw the Peltast (level 15, -1/86 HPs)
             Began as a Gargoyle Fighter on Sept 10, 2022.
             Was a High Priest of Okawaru.
             Slain by a large abomination (18 damage)
             ... on level 2 of the Abyss.
             The game lasted 00:08:39 (23899 turns).

qw the Peltast (Gargoyle Fighter)                  Turns: 23899, Time: 00:08:39

Health: -1/86      AC: 34    Str: 28    XL:     15   Next: 66%
Magic:  14/20      EV: 11    Int:  7    God:    Okawaru [*****.]
Gold:   1288       SH: 22    Dex: 14    Spells: 14/14 levels left

rFire   . . .      SeeInvis .   u - +2 broad axe (venom)
rCold   . . .      Faith    .   q - +0 tower shield
rNeg    + . .      Spirit   .   f - +0 plate armour
rPois   inf        Reflect  .   (helmet restricted)
rElec   +          Harm     .   (no cloak)
rCorr   .          Rampage  .   t - +1 pair of gloves
Will    +....                   (no boots)
Stlth   ..........              (no amulet)
HPRegen 0.24/turn               h - +4 ring of protection
MPRegen 0.17/turn               s - +6 ring of dexterity

@: heroic, flying, slowed, very slow
A: sickness immunity, AC +11, big wings, negative energy resistance 1,
electricity resistance, torment resistance 1, petrification resistance, beak,
low MP 1, strong 1, subdued magic 1, [frail 1], [weak 2]
a: Renounce Religion, Heroism, Finesse, Duel


You were on level 2 of the Abyss.
You worshipped Okawaru.
Okawaru was extremely pleased with you.
You visited 3 branches of the dungeon, and saw 19 of its levels.
You visited the Abyss 1 time.
You also visited: Ossuary and Gauntlet.

You collected 1381 gold pieces.
You spent 93 gold pieces at shops.


Innate Abilities, Weirdness & Mutations

You are immune to sickness and miasma.
Your stone body is resilient. (AC +11)
You are immune to poison.
Your large and strong wings let you fly.
You resist negative energy. (rN+)
You are resistant to electric shocks. (rElec)
You are resistant to unholy torment.
You are immune to petrification.
You have a beak for a mouth.
Your magical capacity is low. (-10% MP)
Your muscles are strong. (Str +4, Int/Dex -1)
Your spells are a little easier to cast, but a little less powerful.
[You are frail. (-10% HP)]
[You are very weak. (Str -4)]


   Skills:
 - Level 12.0(17.0) Fighting
 + Level 15.0(20.0) Axes
 - Level 4.0(9.0) Throwing
 - Level 10.1(15.1) Armour
 - Level 4.0(9.0) Dodging
 - Level 16.3(21.3) Shields
 - Level 10.0 Invocations


You had 14 spell levels left.
You didn't know any spells.
Your spell library was empty.

Inventory:

Hand Weapons
 p - a +0 morningstar
 u - a +2 broad axe of venom (weapon)
Missiles
 g - 11 boomerangs (quivered)
Armour
 f - a +0 plate armour (worn)
 q - a +0 tower shield (worn)
 t - a +1 pair of gloves (worn)
Jewellery
 h - a +4 ring of protection (left hand)
 n - a ring of ice
 s - a +6 ring of dexterity (right hand)
Scrolls
 i - 3 scrolls of fog
 o - 2 scrolls of blinking
 r - 5 scrolls of identify
Potions
 a - 2 potions of magic
 d - 6 potions of might
 e - 3 potions of resistance
 j - 5 potions of mutation
 k - 13 potions of curing
 m - 2 potions of lignification
 w - a potion of haste

Dungeon Overview and Level Annotations

Branches:
Dungeon (13/15)            Temple (1/1) D:5            Lair (5/5) D:8
 Shoals (0/4) Lair:3       Spider (0/4) Lair:3        Slime (0/5) Lair:5
    Orc (0/2) D:11        Ossuary (visited)         Gauntlet (visited)
 Vaults: D:13-14

Altars:
Ashenzari
Cheibriados
Dithmenos
Elyvilon
Fedhas
Gozag
Hepliaklqana
Kikubaaqudgha
Makhleb
Nemelex Xobeh
Okawaru
Qazlal
Ru
Sif Muna
Trog
Uskayaw
Vehumet
Wu Jian
Xom
Yredelemnul
Zin
The Shining One
Jiyva
Lugonu

Shops:
D:2 *   D:4 (   D:13 *

Portals:
Abyss: Lair:5

Annotations:
D:9 1 transporter
D:12 4 runed translucent doors
D:13 3 runed translucent doors, HilariousDeathArtist's ghost, journeyman VSBe


Message History

You are suddenly pulled into a different region of the Abyss!
You feel like a meek peon again.
An eidolon is nearby!
23888 ||| INVOKING Heroism.
You gain the combat prowess of a mighty hero.
You slash the eidolon!
The eidolon is lightly damaged.
The eidolon closely misses you. You block the eidolon's attack.
You closely miss the eidolon. You peck the eidolon, but do no damage.
The eidolon is lightly damaged.
You block the eidolon's attack.
The eidolon hits you but does no damage.
You closely miss the eidolon. You peck the eidolon, but do no damage.
The eidolon is lightly damaged.
You hit the eidolon but do no damage.
The eidolon is lightly damaged.
You block the eidolon's attack. x2
You hit the eidolon but do no damage. Your peck misses the eidolon.
The eidolon is lightly damaged.
The eidolon hits you but does no damage. x2
You slash the eidolon!
The eidolon is moderately damaged.
You block the eidolon's attack.
The eidolon hits you but does no damage.
You slash the eidolon! Your peck misses the eidolon.
The eidolon is heavily damaged.
The eidolon hits you! The eidolon drains your vigour!
You feel yourself slow down. You block the eidolon's attack.
You slice the eidolon!! You peck the eidolon, but do no damage.
The eidolon is severely damaged.
You block the eidolon's attack. x2
You slice the eidolon!!
You destroy the eidolon!
Okawaru accepts your kill.
You feel the corruption within you wane somewhat.
You feel more energetic.
You feel clever.
You feel more energetic.
You hit the large abomination but do no damage.
You peck the large abomination, but do no damage.
The large abomination hits you!!
You die...

.. .### #.#.
....# ...
..#.# ..
#.#.###.# #
#...#..
.##.#
#....#....#
#........#
#.#@.##.##.#
#..X#...#
#..#.###..#
#.## # ..# #
#


You could see a large abomination.

Vanquished Creatures
  2 tentacled starspawn (Abyss:2)
  A bunyip (Abyss:2)
  An eidolon (Abyss:2)
  A minotaur (Gauntlet)
  Josephine (Lair:4)
  6 boulder beetles
  4 hydras
  A rakshasa (D:12)
  A catoblepas (Lair:5)
  A death knight (D:13)
  A great orb of eyes (Abyss:2)
  4 two-headed ogres
  A tengu warrior (D:13)
  3 thrashing horrors (Lair:5)
  Nergalle (D:12)
  3 wretched stars (Abyss:2)
  A sixfirhy (Gauntlet)
  5 skeletal warriors (D:12)
  A spatial maelstrom (Abyss:2)
  Pikel (D:8)
  2 large abominations
  2 wizards (Gauntlet)
  2 deep elf pyromancers
  4 ugly things
  2 cyclopes
  2 manticores
  A salamander (shapeshifter) (Lair:5)
  3 black mambas
  13 elephants
  8 cane toads
  6 gargoyles
  2 smoke demons
  A centaur skeleton (Abyss:2)
  A freezing wraith (D:13)
  2 kobold demonologists
  An unseen horror (D:12)
  An efreet (D:10)
  3 komodo dragons
  2 rime drakes
  3 ancient zymes
  A tengu conjurer (D:13)
  An ice devil (Gauntlet)
  4 trolls
  A hornet (D:10)
  4 raiju (Abyss:2)
  A polar bear (Lair:5)
  Grinder (D:4)
  4 slime creatures (D:12)
  A snapping turtle (Lair:3)
  25 blink frogs
  A raiju (shapeshifter) (Lair:5)
  A shadow (D:10)
  4 ynoxinuls
  55 yaks
  2 vampires (D:11)
  A spriggan (Lair:5)
  9 wyverns
  4 basilisks
  8 wraiths
  A spriggan (shapeshifter) (D:13)
  A golden eye (shapeshifter) (Lair:5)
  2 neqoxecs (Abyss:2)
  2 spatial vortices (Abyss:2)
  3 steam dragons
  A vampire mosquito (D:10)
  2 chaos spawn (Lair:5)
  17 water moccasins
  2 acid dragons (D:10)
  5 orc warriors
  2 ice beasts (D:5)
  3 black bears
  11 small abominations
  6 starcursed masses (Abyss:2)
  4 ogres
  7 wolves
  4 centaurs
  2 phantoms
  2 kobold brigands
  2 gnoll sergeants (D:9)
  16 bullfrogs
  5 necrophages
  12 wights
  14 killer bees
  2 electric eels
  3 howler monkeys
  6 jellies
  3 human zombies (Ossuary)
  An orc priest (D:7)
  3 hounds
  An iron imp (Abyss:2)
  An iguana (D:5)
  10 orc wizards
  A hound skeleton (D:8)
  3 mummies (Ossuary)
  7 gnolls
  10 adders
  4 shadow imps (Gauntlet)
  10 white imps
  5 ufetubi
  2 worms
  3 dart slugs
  44 orcs
  7 bats
  5 endoplasms
  A giant cockroach (D:1)
  A gnoll zombie (Ossuary)
  5 goblins
  4 hobgoblins (D:1)
  4 jackals (D:1)
  3 quokkas
  7 ball pythons
  4 frilled lizards
  A goblin zombie (Ossuary)
  10 kobolds
  3 orc zombies (Ossuary)
  9 rats
  2 starspawn tentacles (Abyss:2)
540 creatures vanquished.

Vanquished Creatures (others)
  A killer bee (D:10)
  33 fungi
  A lurking horror (Abyss:2)
  34 plants
  4 starspawn tentacles (Abyss:2)
73 creatures vanquished.

Grand Total: 613 creatures vanquished

Notes
Turn   | Place    | Note
-------+----------+-------------------------------------------
     0 | D:1      | qw the Gargoyle Fighter began the quest for the Orb.
     0 | D:1      | Reached XP level 1. HP: 14/14 MP: 1/1
     0 | D:1      | 0 ||| qw: Version: 0.1-a-116-g5d60599
     0 | D:1      | 0 ||| qw: Game counter: 7672
     0 | D:1      | 0 ||| qw: Always use a shield: true
     0 | D:1      | 0 ||| qw: God list: Okawaru
     0 | D:1      | 0 ||| qw: Allow faded altars: false
     0 | D:1      | 0 ||| qw: Do Orc after D:15 true
     0 | D:1      | 0 ||| qw: Do second Lair branch before Depths: true
     0 | D:1      | 0 ||| qw: Lair rune preference: random
     0 | D:1      | 0 ||| qw: Plans: Normal, Zot, God:TSO, Crypt, Tomb, Zig,
                  | Orb
     0 | D:1      | 0 ||| PLANNING D:1-11
   100 | D:1      | 100 ||| Stepping ~*~*~tactically~*~*~ (hiding).
   106 | D:1      | Reached XP level 2. HP: 15/19 MP: 2/2
   369 | D:1      | Reached skill level 3 in Axes
   442 | D:1      | 442 ||| Stepping ~*~*~tactically~*~*~ (stealth).
   458 | D:1      | Reached XP level 3. HP: 13/23 MP: 3/3
   597 | D:1      | 597 ||| DROPPING +0 club.
  1407 | D:1      | 1407 ||| UPGRADING to +0 chain mail.
  1417 | D:1      | 1417 ||| DROPPING +0 scale mail.
  1418 | D:1      | 1418 ||| UPGRADING to +0 plate armour.
  1428 | D:1      | 1428 ||| DROPPING +0 chain mail.
  1429 | D:1      | 1429 ||| READING scroll labelled YMYETSEYRI.
  1430 | D:1      | 1430 ||| READING scroll labelled BULOEH QABOCK.
  1431 | D:1      | 1431 ||| READING scroll labelled UHOULO KUZOBB.
  1432 | D:1      | 1432 ||| DRINKING 2 fuming dark potions.
  1432 | D:1      | Reached XP level 4. HP: 28/28 MP: 4/4
  1433 | D:1      | 1433 ||| DRINKING potion of experience.
  1433 | D:1      | Reached XP level 5. HP: 43/43 MP: 5/5
  1446 | D:2      | 1446 ||| STAIRDANCE
  1452 | D:2      | 1452 ||| STAIRDANCE
  1507 | D:2      | 1507 ||| Stepping ~*~*~tactically~*~*~ (stealth).
  1537 | D:2      | 1537 ||| Stepping ~*~*~tactically~*~*~ (stealth).
  1538 | D:2      | 1538 ||| Stepping ~*~*~tactically~*~*~ (stealth).
  1562 | D:2      | Found a faded altar of an unknown god.
  1587 | D:2      | 1587 ||| Stepping ~*~*~tactically~*~*~ (stealth).
  1601 | D:2      | Found Caoroul's General Store.
  1660 | D:2      | 1660 ||| BUYING +0 kite shield (49 gold).
  1660 | D:2      | Bought a +0 kite shield for 49 gold pieces
  1660 | D:2      | 1660 ||| BUYING scroll of fog (44 gold).
  1660 | D:2      | Bought a scroll of fog for 44 gold pieces
  1769 | D:2      | Identified the +6 hand axe of Wu Jian, Witching {freeze,
                  | Fragile Fly rC+}
  1952 | D:2      | 1952 ||| UPGRADING to +0 kite shield.
  1962 | D:2      | 1962 ||| DROPPING +0 buckler.
  1963 | D:2      | 1963 ||| READING scroll labelled JYRUDO OBLAIDA.
  1964 | D:2      | 1964 ||| READING scroll labelled XOMUTTU QOPI.
  1967 | D:2      | 1967 ||| READING scroll labelled WAMOTS LETT.
  1968 | D:2      | 1968 ||| READING scroll labelled VOIBATW LUHOFU.
  1969 | D:2      | 1969 ||| DRINKING 2 glowing purple potions.
  2106 | D:3      | Found a glowing golden altar of the Shining One.
  2115 | D:3      | 2115 ||| Stepping ~*~*~tactically~*~*~ (stealth).
  2332 | D:3      | 2332 ||| FLEEEEING.
  2333 | D:3      | 2333 ||| FLEEEEING.
  2464 | D:3      | Reached XP level 6. HP: 48/48 MP: 6/6
  2650 | D:3      | 2650 ||| DROPPING amulet of magic regeneration.
  2651 | D:3      | 2651 ||| UPGRADING to amulet of guardian spirit.
  2656 | D:3      | 2656 ||| UPGRADING to +6 ring of dexterity.
  2657 | D:3      | 2657 ||| READING 4 scrolls labelled ISUAKORUATS.
  2658 | D:3      | 2658 ||| READING 3 scrolls of enchant weapon.
  2658 | D:3      | 2658 ||| ENCHANTING +1 war axe.
  2659 | D:3      | 2659 ||| READING 2 scrolls of enchant weapon.
  2659 | D:3      | 2659 ||| ENCHANTING +2 war axe.
  2660 | D:3      | 2660 ||| READING scroll of enchant weapon.
  2660 | D:3      | 2660 ||| ENCHANTING +3 war axe.
  2698 | D:4      | Found Jeas's Weapon Emporium.
  2706 | D:4      | 2706 ||| SHOPLISTING +1 whip of electrocution (184 gold,
                  | have 119).
  2843 | D:4      | Reached skill level 4 in Shields
  2962 | D:4      | Reached XP level 7. HP: 53/53 MP: 7/7
  3080 | D:4      | Noticed Grinder
  3091 | D:4      | Killed Grinder
  3092 | D:4      | Reached skill level 1 in Dodging
  3165 | D:4      | Found a radiant altar of Vehumet.
  3332 | D:4      | Reached XP level 8. HP: 58/58 MP: 8/8
  3529 | D:4      | Reached skill level 5 in Shields
  3577 | D:4      | 3577 ||| DROPPING ring of magical power.
  3578 | D:4      | 3578 ||| DRINKING 2 bubbling purple potions.
  3579 | D:4      | 3579 ||| DRINKING 2 fuming inky potions.
  3580 | D:4      | 3580 ||| DROPPING potion of degeneration.
  3607 | D:5      | Entered Level 5 of the Dungeon
  3734 | D:5      | Found a staircase to the Ecumenical Temple.
  3735 | D:5      | 3735 ||| PLANNING TEMPLE
  3735 | D:5      | 3735 ||| DRINKING 2 red potions.
  3736 | D:5      | 3736 ||| DROPPING potion of flight.
  3743 | Temple   | Entered the Ecumenical Temple
  3875 | Temple   | 3875 ||| PLANNING D:1-11
  3908 | Temple   | Became a worshipper of Warmaster Okawaru
  3909 | Temple   | 3909 ||| REMOVING amulet of guardian spirit.
  3914 | Temple   | 3914 ||| DROPPING amulet of guardian spirit.
  4081 | D:5      | Reached skill level 6 in Shields
  4084 | D:5      | 4084 ||| Stepping ~*~*~tactically~*~*~ (stealth).
  4088 | D:5      | 4088 ||| Stepping ~*~*~tactically~*~*~ (stealth).
  4089 | D:5      | 4089 ||| Stepping ~*~*~tactically~*~*~ (stealth).
  4152 | D:5      | 4152 ||| FLEEEEING.
  4153 | D:5      | 4153 ||| DRINKING 3 potions of curing.
  4153 | D:5      | 4153 ||| (to cure confusion)
  4164 | D:5      | Noticed a yak
  4172 | D:5      | Killed a yak
  4334 | D:5      | Reached * piety under Okawaru
  4495 | D:5      | 4495 ||| INVOKING Heroism.
  4496 | D:5      | 4496 ||| INVOKING Heroism.
  4527 | D:5      | 4527 ||| DROPPING +0 whip.
  4578 | D:5      | 4578 ||| INVOKING Heroism.
  4582 | D:5      | Reached XP level 9. HP: 54/63 MP: 6/9
  4639 | D:5      | Found a stormy altar of Qazlal.
  4732 | D:5      | Found a snail-covered altar of Cheibriados.
  4739 | D:5      | Reached skill level 7 in Shields
  4739 | D:5      | 4739 ||| DRINKING 2 fuming golden potions.
  4829 | D:6      | Found a bloodstained altar of Trog.
  4848 | D:6      | Noticed a troll
  4849 | D:6      | 4849 ||| Stepping ~*~*~tactically~*~*~ (stealth).
  4851 | D:6      | 4851 ||| INVOKING Heroism.
  4857 | D:6      | Killed a troll
  4858 | D:6      | Reached skill level 1 in Throwing
  4858 | D:6      | Reached skill level 1 in Invocations
  4960 | D:6      | Found a white marble altar of Elyvilon.
  5010 | D:6      | 5010 ||| Stepping ~*~*~tactically~*~*~ (stealth).
  5011 | D:6      | 5011 ||| Stepping ~*~*~tactically~*~*~ (stealth).
  5157 | D:6      | 5157 ||| READING 2 scrolls of identify.
  5157 | D:6      | 5157 ||| IDENTIFYING cyan potion
  5158 | D:6      | 5158 ||| DROPPING potion of invisibility.
  5192 | D:7      | 5192 ||| PLANNING OSSUARY
  5204 | D:7      | 5204 ||| STAIRDANCE
  5308 | D:7      | 5308 ||| INVOKING Heroism.
  5404 | D:7      | 5404 ||| INVOKING Heroism.
  5417 | D:7      | Reached skill level 3 in Invocations
  5621 | D:7      | 5621 ||| INVOKING Heroism.
  5834 | D:7      | Found a sand-covered staircase.
  5843 | Ossuary  | Entered an ossuary
  5947 | Ossuary  | 5947 ||| Stepping ~*~*~tactically~*~*~ (stealth).
  6314 | Ossuary  | 6314 ||| READING scroll labelled CITTOTW NAATS.
  6315 | Ossuary  | 6315 ||| READING scroll labelled HIANAPL MIAN.
  6316 | Ossuary  | 6316 ||| READING scroll labelled GELAEC REFEAGY.
  6417 | Ossuary  | 6417 ||| READING scroll labelled KEYTAT GOPHI.
  6418 | Ossuary  | 6418 ||| DRINKING 2 bubbling brown potions.
  6418 | Ossuary  | Gained mutation: Your muscles are strong. (Str +4, Int/Dex
                  | -1) [potion of mutation]
  6418 | Ossuary  | Gained mutation: You have a beak for a mouth. [potion of
                  | mutation]
  6418 | Ossuary  | Gained mutation: Your magical capacity is low. (-10% MP)
                  | [potion of mutation]
  6419 | Ossuary  | 6419 ||| READING 2 scrolls of identify.
  6419 | Ossuary  | 6419 ||| IDENTIFYING viscous dark potion
  6434 | D:7      | 6434 ||| PLANNING D:1-11
  6445 | D:7      | 6445 ||| INVOKING Heroism.
  6469 | D:7      | 6469 ||| DRINKING potion of experience.
  6469 | D:7      | Reached skill level 9 in Shields
  6469 | D:7      | Reached XP level 10. HP: 68/68 MP: 10/14
  6687 | D:7      | 6687 ||| INVOKING Heroism.
  6930 | D:7      | 6930 ||| READING 2 scrolls of identify.
  6930 | D:7      | 6930 ||| IDENTIFYING inky potion
  6931 | D:7      | 6931 ||| DROPPING potion of berserk rage.
  7020 | D:8      | 7020 ||| INVOKING Heroism.
  7021 | D:8      | 7021 ||| STAIRDANCE
  7134 | D:8      | 7134 ||| INVOKING Heroism.
  7152 | D:8      | Identified the +4 ring mail of the Enchanted Forest {Str+4}
  7160 | D:8      | Found a hide-covered altar of Uskayaw.
  7161 | D:8      | 7161 ||| Stepping ~*~*~tactically~*~*~ (stealth).
  7168 | D:8      | 7168 ||| DRINKING 6 potions of curing.
  7168 | D:8      | 7168 ||| (to cure confusion)
  7322 | D:8      | 7322 ||| Stepping ~*~*~tactically~*~*~ (stealth).
  7355 | D:8      | Reached XP level 11. HP: 65/73 MP: 14/14
  7356 | D:8      | 7356 ||| FLEEEEING.
  7361 | D:8      | Reached ** piety under Okawaru
  7399 | D:8      | 7399 ||| INVOKING Heroism.
  7580 | D:8      | 7580 ||| Stepping ~*~*~tactically~*~*~ (hiding).
  7584 | D:8      | 7584 ||| INVOKING Heroism.
  7596 | D:8      | Noticed Pikel
  7604 | D:8      | Killed Pikel
  7605 | D:8      | Reached skill level 3 in Throwing
  7859 | D:8      | Found a burning altar of Makhleb.
  7931 | D:8      | 7931 ||| Stepping ~*~*~tactically~*~*~ (hiding).
  7934 | D:8      | 7934 ||| INVOKING Heroism.
  7959 | D:8      | Found a staircase to the Lair.
  8070 | D:8      | 8070 ||| PLANNING LAIR
  8070 | D:8      | 8070 ||| DRINKING 2 amethyst potions.
  8171 | D:8      | 8171 ||| READING 2 scrolls of identify.
  8171 | D:8      | 8171 ||| IDENTIFYING brown potion
  8172 | D:8      | 8172 ||| DROPPING potion of ambrosia.
  8173 | D:8      | 8173 ||| DROPPING potion of brilliance.
  8224 | Lair:1   | Entered Level 1 of the Lair of Beasts
  8331 | Lair:1   | 8331 ||| Stepping ~*~*~tactically~*~*~ (stealth).
  8333 | Lair:1   | 8333 ||| INVOKING Heroism.
  8342 | Lair:1   | Reached skill level 6 in Armour
  8446 | Lair:1   | Found the +7 staff of the Meek {protect, meekguard}
  8477 | Lair:1   | 8477 ||| Stepping ~*~*~tactically~*~*~ (stealth).
  8489 | Lair:1   | 8489 ||| Stepping ~*~*~tactically~*~*~ (stealth).
  8494 | Lair:1   | 8494 ||| INVOKING Heroism.
  8748 | Lair:1   | Reached *** piety under Okawaru
  8776 | Lair:1   | 8776 ||| INVOKING Heroism.
  8780 | Lair:1   | 8780 ||| Stepping ~*~*~tactically~*~*~ (water).
  8788 | Lair:1   | Reached skill level 10 in Shields
  8939 | Lair:1   | 8939 ||| INVOKING Heroism.
  9493 | Lair:1   | 9493 ||| READING scroll labelled LOWNYO BUNEXUI.
  9494 | Lair:1   | 9494 ||| READING scroll labelled IZOBEUC GACOC.
  9598 | Lair:2   | 9598 ||| Stepping ~*~*~tactically~*~*~ (hiding).
  9600 | Lair:2   | 9600 ||| INVOKING Heroism.
  9670 | Lair:2   | 9670 ||| INVOKING Heroism.
  9698 | Lair:2   | Reached **** piety under Okawaru
  9708 | Lair:2   | Reached XP level 12. HP: 51/78 MP: 14/16
  9712 | Lair:2   | Reached skill level 12 in Axes
  9910 | Lair:2   | 9910 ||| INVOKING Heroism.
  9911 | Lair:2   | 9911 ||| Stepping ~*~*~tactically~*~*~ (cloud).
  9912 | Lair:2   | 9912 ||| Stepping ~*~*~tactically~*~*~ (cloud).
  9916 | Lair:2   | Reached ***** piety under Okawaru
 10103 | Lair:2   | Reached skill level 3 in Dodging
 10245 | Lair:2   | 10245 ||| Stepping ~*~*~tactically~*~*~ (stealth).
 10246 | Lair:2   | 10246 ||| Stepping ~*~*~tactically~*~*~ (stealth).
 10249 | Lair:2   | 10249 ||| Stepping ~*~*~tactically~*~*~ (stealth).
 10251 | Lair:2   | 10251 ||| Stepping ~*~*~tactically~*~*~ (stealth).
 10266 | Lair:2   | 10266 ||| INVOKING Heroism.
 10274 | Lair:2   | Reached skill level 9 in Invocations
 10966 | Lair:2   | 10966 ||| READING scroll labelled WIJICLAODA.
 10967 | Lair:2   | 10967 ||| READING 3 scrolls of identify.
 10967 | Lair:2   | 10967 ||| IDENTIFYING sedimented golden potion
 11047 | Lair:3   | Found a hole to the Spider Nest.
 11057 | Lair:3   | 11057 ||| Stepping ~*~*~tactically~*~*~ (stealth).
 11063 | Lair:3   | 11063 ||| Stepping ~*~*~tactically~*~*~ (stealth).
 11064 | Lair:3   | 11064 ||| Stepping ~*~*~tactically~*~*~ (stealth).
 11066 | Lair:3   | 11066 ||| Stepping ~*~*~tactically~*~*~ (stealth).
 11067 | Lair:3   | 11067 ||| Stepping ~*~*~tactically~*~*~ (stealth).
 11068 | Lair:3   | 11068 ||| INVOKING Heroism.
 11176 | Lair:3   | 11176 ||| INVOKING Heroism.
 11317 | Lair:3   | 11317 ||| INVOKING Heroism.
 11476 | Lair:3   | 11476 ||| INVOKING Heroism.
 11704 | Lair:3   | 11704 ||| INVOKING Heroism.
 11977 | Lair:3   | 11977 ||| INVOKING Heroism.
 12106 | Lair:3   | 12106 ||| Stepping ~*~*~tactically~*~*~ (stealth).
 12108 | Lair:3   | 12108 ||| INVOKING Heroism.
 12217 | Lair:3   | Found a staircase to the Shoals.
 12222 | Lair:3   | 12222 ||| INVOKING Heroism.
 12567 | Lair:3   | 12567 ||| UPGRADING to +0 pair of gloves.
 12572 | Lair:3   | 12572 ||| DROPPING +0 chain mail of poison resistance.
 12573 | Lair:3   | 12573 ||| DROPPING +2 chain mail of positive energy.
 12574 | Lair:3   | 12574 ||| READING scroll labelled HEUMOB NARI.
 12603 | Lair:4   | 12603 ||| PLANNING GAUNTLET
 12607 | Lair:4   | You fall into a shaft and drop 1 floor!
 12607 | Lair:5   | Entered Level 5 of the Lair of Beasts
 12629 | Lair:5   | 12629 ||| Stepping ~*~*~tactically~*~*~ (stealth).
 12638 | Lair:5   | Reached XP level 13. HP: 79/83 MP: 18/18
 12659 | Lair:5   | 12659 ||| INVOKING Heroism.
 12673 | Lair:5   | Received a gift from Okawaru
 12718 | Lair:5   | 12718 ||| SWAPPING to +0 broad axe of venom.
 12719 | Lair:5   | 12719 ||| DROPPING +6 hand axe of Wu Jian, Witching
                  | {freeze, Fragile Fly rC+}.
 12720 | Lair:5   | 12720 ||| DROPPING +4 vorpal war axe.
 12754 | Lair:5   | 12754 ||| UPGRADING to ring of positive energy.
 12758 | Lair:5   | Found a shimmering blue altar of Sif Muna.
 12887 | Lair:4   | 12887 ||| DROPPING +0 flail.
 12999 | Lair:4   | Found a gate leading to a gauntlet.
 13003 | Gauntlet | Entered a Gauntlet
 13003 | Gauntlet | Found a transporter.
 13011 | Gauntlet | Found a transporter.
 13013 | Gauntlet | Found a transporter.
 13024 | Gauntlet | Found a transporter.
 13027 | Gauntlet | Found a transporter.
 13037 | Gauntlet | Found a transporter.
 13052 | Gauntlet | Found a transporter.
 13063 | Gauntlet | Found a transporter.
 13074 | Gauntlet | Found a transporter.
 13086 | Gauntlet | Found a transporter.
 13086 | Gauntlet | Found a transporter.
 13088 | Gauntlet | Found a transporter.
 13107 | Gauntlet | Found a transporter.
 13124 | Gauntlet | Found a transporter.
 13210 | Gauntlet | 13210 ||| INVOKING Heroism.
 13342 | Gauntlet | 13342 ||| UPGRADING to ring of willpower.
 13359 | Gauntlet | 13359 ||| INVOKING Heroism.
 13587 | Gauntlet | 13587 ||| INVOKING Heroism.
 13690 | Gauntlet | Noticed a minotaur
 13691 | Gauntlet | 13691 ||| Stepping ~*~*~tactically~*~*~ (stealth).
 13699 | Gauntlet | 13699 ||| Stepping ~*~*~tactically~*~*~ (stealth).
 13700 | Gauntlet | 13700 ||| Stepping ~*~*~tactically~*~*~ (stealth).
 13701 | Gauntlet | 13701 ||| INVOKING Heroism.
 13702 | Gauntlet | 13702 ||| INVOKING Finesse.
 13709 | Gauntlet | Killed a minotaur
 13995 | Lair:4   | 13995 ||| PLANNING LAIR
 14003 | Lair:4   | 14003 ||| READING scroll of enchant weapon.
 14003 | Lair:4   | 14003 ||| ENCHANTING +0 broad axe of venom.
 14349 | Lair:4   | Reached skill level 11 in Shields
 14414 | Lair:4   | 14414 ||| Stepping ~*~*~tactically~*~*~ (stealth).
 14514 | Lair:4   | Noticed Josephine
 14515 | Lair:4   | 14515 ||| Stepping ~*~*~tactically~*~*~ (hiding).
 14516 | Lair:4   | 14516 ||| INVOKING Heroism.
 14531 | Lair:4   | Killed Josephine
 14531 | Lair:4   | Received a gift from Okawaru
 14993 | Lair:4   | 14993 ||| UPGRADING to +0 tower shield.
 15003 | Lair:4   | 15003 ||| DROPPING +0 kite shield.
 15004 | Lair:4   | 15004 ||| READING 6 scrolls of identify.
 15004 | Lair:4   | 15004 ||| IDENTIFYING fizzy emerald potion
 15048 | Lair:5   | 15048 ||| INVOKING Heroism.
 15049 | Lair:5   | 15049 ||| INVOKING Finesse.
 15051 | Lair:5   | 15051 ||| SWAPPING to +0 morningstar.
 15055 | Lair:5   | 15055 ||| Stepping ~*~*~tactically~*~*~ (outnumbered).
 15072 | Lair:5   | 15072 ||| SWAPPING to +1 broad axe of venom.
 15162 | Lair:5   | 15162 ||| Stepping ~*~*~tactically~*~*~ (stealth).
 15168 | Lair:5   | 15168 ||| INVOKING Heroism.
 15191 | Lair:5   | 15191 ||| Stepping ~*~*~tactically~*~*~ (stealth).
 15250 | Lair:5   | 15250 ||| Stepping ~*~*~tactically~*~*~ (stealth).
 15251 | Lair:5   | 15251 ||| FLEEEEING.
 15252 | Lair:5   | 15252 ||| Stepping ~*~*~tactically~*~*~ (stealth).
 15253 | Lair:5   | 15253 ||| INVOKING Heroism.
 15350 | Lair:5   | 15350 ||| Stepping ~*~*~tactically~*~*~ (stealth).
 15416 | Lair:5   | 15416 ||| Stepping ~*~*~tactically~*~*~ (stealth).
 15417 | Lair:5   | 15417 ||| Stepping ~*~*~tactically~*~*~ (stealth).
 15418 | Lair:5   | 15418 ||| Stepping ~*~*~tactically~*~*~ (stealth).
 15419 | Lair:5   | 15419 ||| INVOKING Heroism.
 15420 | Lair:5   | 15420 ||| Stepping ~*~*~tactically~*~*~ (stealth).
 15421 | Lair:5   | 15421 ||| Stepping ~*~*~tactically~*~*~ (stealth).
 15476 | Lair:5   | 15476 ||| Stepping ~*~*~tactically~*~*~ (stealth).
 15489 | Lair:5   | Reached skill level 12 in Shields
 15492 | Lair:5   | 15492 ||| INVOKING Heroism.
 15577 | Lair:5   | 15577 ||| Stepping ~*~*~tactically~*~*~ (stealth).
 15578 | Lair:5   | 15578 ||| INVOKING Heroism.
 15694 | Lair:5   | 15694 ||| INVOKING Heroism.
 15695 | Lair:5   | 15695 ||| INVOKING Finesse.
 15834 | Lair:5   | 15834 ||| INVOKING Heroism.
 15880 | Lair:5   | 15880 ||| Stepping ~*~*~tactically~*~*~ (stealth).
 15883 | Lair:5   | 15883 ||| Stepping ~*~*~tactically~*~*~ (stealth).
 15891 | Lair:5   | 15891 ||| Stepping ~*~*~tactically~*~*~ (stealth).
 15894 | Lair:5   | 15894 ||| Stepping ~*~*~tactically~*~*~ (stealth).
 15898 | Lair:5   | 15898 ||| INVOKING Heroism.
 15934 | Lair:5   | 15934 ||| Stepping ~*~*~tactically~*~*~ (stealth).
 15936 | Lair:5   | 15936 ||| Stepping ~*~*~tactically~*~*~ (stealth).
 15941 | Lair:5   | 15941 ||| INVOKING Heroism.
 15946 | Lair:5   | Reached skill level 13 in Shields
 16156 | Lair:5   | Found a viscous altar of Jiyva.
 16166 | Lair:5   | Received a gift from Okawaru
 16202 | Lair:5   | Found a staircase to the Slime Pits.
 16337 | Lair:5   | 16337 ||| INVOKING Heroism.
 16347 | Lair:5   | HP: 5/83 [red ugly thing (18)]
 16348 | Lair:5   | 16348 ||| READING 5 scrolls of teleportation.
 16349 | Lair:5   | 16349 ||| DRINKING 2 potions of heal wounds.
 16606 | Lair:5   | 16606 ||| INVOKING Heroism.
 16665 | Lair:5   | 16665 ||| INVOKING Heroism.
 16702 | Lair:5   | 16702 ||| Stepping ~*~*~tactically~*~*~ (hiding).
 16704 | Lair:5   | 16704 ||| Stepping ~*~*~tactically~*~*~ (hiding).
 16710 | Lair:5   | 16710 ||| DRINKING 11 potions of curing.
 16710 | Lair:5   | 16710 ||| (to cure confusion)
 16711 | Lair:5   | Received a gift from Okawaru
 16735 | Lair:5   | 16735 ||| Stepping ~*~*~tactically~*~*~ (stealth).
 16736 | Lair:5   | 16736 ||| Stepping ~*~*~tactically~*~*~ (stealth).
 16737 | Lair:5   | 16737 ||| INVOKING Heroism.
 16743 | Lair:5   | 16743 ||| Stepping ~*~*~tactically~*~*~ (stealth).
 16745 | Lair:5   | 16745 ||| Stepping ~*~*~tactically~*~*~ (stealth).
 16779 | Lair:5   | 16779 ||| Stepping ~*~*~tactically~*~*~ (stealth).
 16781 | Lair:5   | 16781 ||| INVOKING Heroism.
 16782 | Lair:5   | 16782 ||| INVOKING Finesse.
 16783 | Lair:5   | 16783 ||| SWAPPING to +0 morningstar.
 16788 | Lair:5   | 16788 ||| Stepping ~*~*~tactically~*~*~ (hiding).
 16789 | Lair:5   | 16789 ||| SWAPPING to +1 broad axe of venom.
 16792 | Lair:5   | 16792 ||| SWAPPING to +0 morningstar.
 16794 | Lair:5   | 16794 ||| Stepping ~*~*~tactically~*~*~ (outnumbered).
 16796 | Lair:5   | 16796 ||| Stepping ~*~*~tactically~*~*~ (outnumbered).
 16800 | Lair:5   | 16800 ||| Stepping ~*~*~tactically~*~*~ (outnumbered).
 16801 | Lair:5   | 16801 ||| Stepping ~*~*~tactically~*~*~ (outnumbered).
 16802 | Lair:5   | 16802 ||| Stepping ~*~*~tactically~*~*~ (outnumbered).
 16804 | Lair:5   | Gained mutation: Your large and strong wings let you fly.
                  | [Gargoyle growth]
 16804 | Lair:5   | Reached XP level 14. HP: 79/88 MP: 13/19
 16805 | Lair:5   | Reached skill level 14 in Shields
 16805 | Lair:5   | 16805 ||| SWAPPING to +1 broad axe of venom.
 16816 | Lair:5   | 16816 ||| Stepping ~*~*~tactically~*~*~ (stealth).
 16820 | Lair:5   | 16820 ||| Stepping ~*~*~tactically~*~*~ (stealth).
 16821 | Lair:5   | 16821 ||| Stepping ~*~*~tactically~*~*~ (stealth).
 16901 | Lair:5   | 16901 ||| Stepping ~*~*~tactically~*~*~ (hiding).
 16996 | Lair:5   | 16996 ||| Stepping ~*~*~tactically~*~*~ (stealth).
 17008 | Lair:5   | 17008 ||| Stepping ~*~*~tactically~*~*~ (hiding).
 17012 | Lair:5   | 17012 ||| INVOKING Heroism.
 17042 | Lair:5   | 17042 ||| FLEEEEING.
 17051 | Lair:5   | 17051 ||| Stepping ~*~*~tactically~*~*~ (hiding).
 17180 | Lair:5   | 17180 ||| Stepping ~*~*~tactically~*~*~ (stealth).
 17184 | Lair:5   | 17184 ||| Stepping ~*~*~tactically~*~*~ (stealth).
 17185 | Lair:5   | 17185 ||| Stepping ~*~*~tactically~*~*~ (stealth).
 17247 | Lair:5   | Found a corrupted altar of Lugonu.
 17251 | Lair:5   | Found a one-way gate to the infinite horrors of the Abyss.
 17339 | Lair:5   | 17339 ||| PLANNING D:1-11
 17448 | D:9      | 17448 ||| Stepping ~*~*~tactically~*~*~ (stealth).
 17449 | D:9      | 17449 ||| Stepping ~*~*~tactically~*~*~ (stealth).
 17451 | D:9      | 17451 ||| Stepping ~*~*~tactically~*~*~ (hiding).
 17459 | D:9      | Reached skill level 15 in Shields
 17490 | D:9      | 17490 ||| INVOKING Heroism.
 17503 | D:9      | Reached skill level 9 in Armour
 17569 | D:9      | 17569 ||| Stepping ~*~*~tactically~*~*~ (stealth).
 17571 | D:9      | 17571 ||| Stepping ~*~*~tactically~*~*~ (stealth).
 17575 | D:9      | Identified the +1 ring mail of the Watchman {Str+8}
                  | (Okawaru gifted it to you on level 9 of the Dungeon)
 17575 | D:9      | Received a gift from Okawaru
 17983 | D:9      | Found a sparkling altar of Nemelex Xobeh.
 17983 | D:9      | Found a transporter.
 17986 | D:9      | 17986 ||| UPGRADING to +4 ring of protection.
 17988 | D:9      | 17988 ||| DROPPING ring of positive energy.
 17989 | D:9      | 17989 ||| UPGRADING to +6 ring of dexterity.
 17991 | D:9      | 17991 ||| DROPPING ring of willpower.
 18011 | D:10     | Entered Level 10 of the Dungeon
 18140 | D:10     | 18140 ||| Stepping ~*~*~tactically~*~*~ (hiding).
 18152 | D:10     | 18152 ||| INVOKING Heroism.
 18424 | D:10     | 18424 ||| INVOKING Heroism.
 18505 | D:10     | 18505 ||| Stepping ~*~*~tactically~*~*~ (stealth).
 18508 | D:10     | 18508 ||| Stepping ~*~*~tactically~*~*~ (stealth).
 18511 | D:10     | 18511 ||| Stepping ~*~*~tactically~*~*~ (stealth).
 18523 | D:10     | 18523 ||| INVOKING Heroism.
 18731 | D:10     | Found an ornate altar of the Wu Jian Council.
 19177 | D:10     | 19177 ||| DROPPING ring of wizardry.
 19230 | D:11     | 19230 ||| INVOKING Heroism.
 19232 | D:11     | 19232 ||| INVOKING Finesse.
 19451 | D:11     | 19451 ||| Stepping ~*~*~tactically~*~*~ (stealth).
 19453 | D:11     | 19453 ||| Stepping ~*~*~tactically~*~*~ (stealth).
 19454 | D:11     | 19454 ||| INVOKING Heroism.
 19489 | D:11     | 19489 ||| INVOKING Finesse.
 19491 | D:11     | 19491 ||| SWAPPING to +0 morningstar.
 19492 | D:11     | 19492 ||| Stepping ~*~*~tactically~*~*~ (outnumbered).
 19493 | D:11     | 19493 ||| Stepping ~*~*~tactically~*~*~ (outnumbered).
 19498 | D:11     | 19498 ||| Stepping ~*~*~tactically~*~*~ (outnumbered).
 19500 | D:11     | 19500 ||| SWAPPING to +1 broad axe of venom.
 19587 | D:11     | 19587 ||| INVOKING Heroism.
 19588 | D:11     | 19588 ||| SWAPPING to +0 morningstar.
 19589 | D:11     | 19589 ||| INVOKING Finesse.
 19594 | D:11     | 19594 ||| SWAPPING to +1 broad axe of venom.
 19648 | D:11     | 19648 ||| Stepping ~*~*~tactically~*~*~ (stealth).
 19936 | D:11     | Found a staircase to the Orcish Mines.
 19938 | D:11     | 19938 ||| PLANNING D
 20003 | D:12     | 20003 ||| INVOKING Heroism.
 20004 | D:12     | 20004 ||| INVOKING Finesse.
 20119 | D:12     | Found a large runed translucent door.
 20120 | D:12     | Found a large runed translucent door.
 20131 | D:12     | 20131 ||| Stepping ~*~*~tactically~*~*~ (hiding).
 20239 | D:12     | Found a large runed translucent door.
 20239 | D:12     | Found a large runed translucent door.
 20248 | D:12     | Noticed Nergalle
 20249 | D:12     | 20249 ||| Stepping ~*~*~tactically~*~*~ (hiding).
 20256 | D:12     | Killed Nergalle
 20378 | D:12     | 20378 ||| Stepping ~*~*~tactically~*~*~ (hiding).
 20536 | D:12     | 20536 ||| Stepping ~*~*~tactically~*~*~ (stealth).
 20537 | D:12     | 20537 ||| Stepping ~*~*~tactically~*~*~ (stealth).
 20538 | D:12     | 20538 ||| Stepping ~*~*~tactically~*~*~ (stealth).
 20540 | D:12     | 20540 ||| Stepping ~*~*~tactically~*~*~ (hiding).
 20541 | D:12     | 20541 ||| Stepping ~*~*~tactically~*~*~ (hiding).
 20543 | D:12     | 20543 ||| Stepping ~*~*~tactically~*~*~ (hiding).
 20653 | D:12     | 20653 ||| Stepping ~*~*~tactically~*~*~ (stealth).
 20659 | D:12     | 20659 ||| Stepping ~*~*~tactically~*~*~ (stealth).
 20714 | D:12     | Identified the +10 quarterstaff of Haggaiqu {protect, rElec
                  | rF+}
 20729 | D:12     | 20729 ||| INVOKING Heroism.
 20732 | D:12     | 20732 ||| READING 5 scrolls of teleportation.
 20954 | D:12     | 20954 ||| INVOKING Heroism.
 20955 | D:12     | 20955 ||| INVOKING Finesse.
 21045 | D:12     | 21045 ||| READING scroll of enchant armour.
 21045 | D:12     | 21045 ||| ENCHANTING +0 pair of gloves.
 21142 | D:12     | 21142 ||| INVOKING Heroism.
 21157 | D:12     | 21157 ||| INVOKING Heroism.
 21164 | D:12     | Reached skill level 16 in Shields
 21266 | D:12     | 21266 ||| Stepping ~*~*~tactically~*~*~ (hiding).
 21267 | D:12     | 21267 ||| INVOKING Heroism.
 21407 | D:12     | 21407 ||| Stepping ~*~*~tactically~*~*~ (stealth).
 21410 | D:12     | 21410 ||| Stepping ~*~*~tactically~*~*~ (stealth).
 21413 | D:12     | 21413 ||| Stepping ~*~*~tactically~*~*~ (stealth).
 21420 | D:12     | 21420 ||| INVOKING Heroism.
 21422 | D:12     | 21422 ||| READING 4 scrolls of teleportation.
 21495 | D:12     | 21495 ||| Stepping ~*~*~tactically~*~*~ (stealth).
 21496 | D:12     | 21496 ||| INVOKING Heroism.
 21497 | D:12     | 21497 ||| Stepping ~*~*~tactically~*~*~ (hiding).
 21498 | D:12     | 21498 ||| INVOKING Finesse.
 21506 | D:12     | Reached XP level 15. HP: 94/94 MP: 13/20
 21557 | D:12     | 21557 ||| READING scroll of enchant weapon.
 21557 | D:12     | 21557 ||| ENCHANTING +1 broad axe of venom.
 21773 | D:12     | 21773 ||| INVOKING Heroism.
 22158 | D:13     | 22158 ||| Stepping ~*~*~tactically~*~*~ (hiding).
 22161 | D:13     | 22161 ||| Stepping ~*~*~tactically~*~*~ (hiding).
 22325 | D:13     | 22325 ||| Stepping ~*~*~tactically~*~*~ (stealth).
 22441 | D:13     | Found a runed translucent gate.
 22441 | D:13     | Found a runed translucent gate.
 22441 | D:13     | Found an opulent altar of Gozag.
 22442 | D:13     | Found a runed translucent gate.
 22444 | D:13     | Noticed HilariousDeathArtist's ghost (journeyman VSBe)
 22445 | D:13     | Found Xievvax's Assorted Antiques.
 22471 | D:13     | 22471 ||| INVOKING Heroism.
 22474 | D:13     | Reached skill level 15 in Axes
 22480 | D:13     | 22480 ||| FLEEEEING.
 22481 | D:13     | 22481 ||| FLEEEEING.
 22482 | D:13     | 22482 ||| FLEEEEING.
 22483 | D:13     | 22483 ||| FLEEEEING.
 22484 | D:13     | 22484 ||| FLEEEEING.
 22485 | D:13     | 22485 ||| FLEEEEING.
 22486 | D:13     | 22486 ||| FLEEEEING.
 22487 | D:13     | 22487 ||| FLEEEEING.
 22488 | D:13     | 22488 ||| FLEEEEING.
 22489 | D:13     | 22489 ||| FLEEEEING.
 22490 | D:13     | 22490 ||| FLEEEEING.
 22491 | D:13     | 22491 ||| FLEEEEING.
 22492 | D:13     | 22492 ||| FLEEEEING.
 22493 | D:13     | 22493 ||| FLEEEEING.
 22494 | D:13     | 22494 ||| FLEEEEING.
 22495 | D:13     | 22495 ||| FLEEEEING.
 22496 | D:13     | 22496 ||| FLEEEEING.
 22497 | D:13     | 22497 ||| FLEEEEING.
 22498 | D:13     | 22498 ||| FLEEEEING.
 22499 | D:13     | 22499 ||| FLEEEEING.
 22500 | D:13     | 22500 ||| FLEEEEING.
 22501 | D:13     | 22501 ||| FLEEEEING.
 22502 | D:13     | 22502 ||| FLEEEEING.
 22503 | D:13     | 22503 ||| FLEEEEING.
 22504 | D:13     | 22504 ||| FLEEEEING.
 22505 | D:13     | 22505 ||| FLEEEEING.
 22506 | D:13     | 22506 ||| FLEEEEING.
 22507 | D:13     | 22507 ||| FLEEEEING.
 22508 | D:13     | 22508 ||| FLEEEEING.
 22509 | D:13     | 22509 ||| FLEEEEING.
 22510 | D:13     | 22510 ||| FLEEEEING.
 22511 | D:13     | 22511 ||| FLEEEEING.
 22512 | D:13     | 22512 ||| FLEEEEING.
 22513 | D:13     | 22513 ||| FLEEEEING.
 22514 | D:13     | 22514 ||| FLEEEEING.
 22515 | D:13     | 22515 ||| FLEEEEING.
 22516 | D:13     | 22516 ||| FLEEEEING.
 22517 | D:13     | 22517 ||| FLEEEEING.
 22518 | D:13     | 22518 ||| FLEEEEING.
 22519 | D:13     | 22519 ||| STAIRDANCE
 23227 | Abyss:2  | Cast into level 2 of the Abyss (a wizard)
 23308 | Abyss:2  | Received a gift from Okawaru
 23315 | Abyss:2  | 23315 ||| INVOKING Heroism.
 23334 | Abyss:2  | 23334 ||| Stepping ~*~*~tactically~*~*~ (stealth).
 23338 | Abyss:2  | 23338 ||| Stepping ~*~*~tactically~*~*~ (stealth).
 23341 | Abyss:2  | 23341 ||| Stepping ~*~*~tactically~*~*~ (stealth).
 23352 | Abyss:2  | Noticed a tentacled starspawn
 23360 | Abyss:2  | 23360 ||| INVOKING Heroism.
 23362 | Abyss:2  | Killed a tentacled starspawn
 23370 | Abyss:2  | 23370 ||| Stepping ~*~*~tactically~*~*~ (stealth).
 23375 | Abyss:2  | Paralysed by accursed screaming for 1 turns
 23383 | Abyss:2  | Gained mutation: Your spells are a little easier to cast,
                  | but a little less powerful. [a neqoxec]
 23389 | Abyss:2  | Identified the +1 crystal plate armour "Roghiuro" {rElec
                  | rPois Str-2 Int+3} (Okawaru gifted it to you on level 2 of
                  | the Abyss)
 23389 | Abyss:2  | Received a gift from Okawaru
 23413 | Abyss:2  | 23413 ||| Stepping ~*~*~tactically~*~*~ (stealth).
 23434 | Abyss:2  | 23434 ||| Stepping ~*~*~tactically~*~*~ (stealth).
 23435 | Abyss:2  | 23435 ||| Stepping ~*~*~tactically~*~*~ (stealth).
 23458 | Abyss:2  | 23458 ||| INVOKING Heroism.
 23467 | Abyss:2  | HP: 20/96 [rock wall collision (14)]
 23468 | Abyss:2  | 23468 ||| DRINKING 2 potions of heal wounds.
 23477 | Abyss:2  | Reached skill level 12 in Fighting
 23490 | Abyss:2  | 23490 ||| Stepping ~*~*~tactically~*~*~ (stealth).
 23510 | Abyss:2  | 23510 ||| INVOKING Heroism.
 23542 | Abyss:2  | 23542 ||| Stepping ~*~*~tactically~*~*~ (stealth).
 23551 | Abyss:2  | 23551 ||| Stepping ~*~*~tactically~*~*~ (stealth).
 23561 | Abyss:2  | 23561 ||| Stepping ~*~*~tactically~*~*~ (hiding).
 23564 | Abyss:2  | 23564 ||| Stepping ~*~*~tactically~*~*~ (hiding).
 23567 | Abyss:2  | 23567 ||| INVOKING Heroism.
 23578 | Abyss:2  | 23578 ||| Stepping randomly (cloudy).
 23587 | Abyss:2  | HP: 11/76 [starcursed mass/accursed screaming (11)]
 23595 | Abyss:2  | HP: 6/86 [starcursed mass/accursed screaming (6)]
 23601 | Abyss:2  | 23601 ||| Stepping ~*~*~tactically~*~*~ (stealth).
 23606 | Abyss:2  | 23606 ||| DRINKING potion of heal wounds.
 23612 | Abyss:2  | 23612 ||| INVOKING Heroism.
 23614 | Abyss:2  | 23614 ||| Stepping ~*~*~tactically~*~*~ (stealth).
 23616 | Abyss:2  | 23616 ||| Stepping ~*~*~tactically~*~*~ (stealth).
 23618 | Abyss:2  | HP: 16/86 [spatial maelstrom (10)]
 23620 | Abyss:2  | 23620 ||| READING 3 scrolls of teleportation.
 23743 | Abyss:2  | 23743 ||| INVOKING Heroism.
 23751 | Abyss:2  | HP: 19/84 [eidolon (6)]
 23752 | Abyss:2  | 23752 ||| READING 2 scrolls of teleportation.
 23786 | Abyss:2  | 23786 ||| Stepping ~*~*~tactically~*~*~ (stealth).
 23788 | Abyss:2  | 23788 ||| Stepping ~*~*~tactically~*~*~ (stealth).
 23789 | Abyss:2  | 23789 ||| INVOKING Heroism.
 23791 | Abyss:2  | 23791 ||| Stepping ~*~*~tactically~*~*~ (stealth).
 23820 | Abyss:2  | Noticed a tentacled starspawn
 23822 | Abyss:2  | 23822 ||| INVOKING Heroism.
 23829 | Abyss:2  | Killed a tentacled starspawn
 23835 | Abyss:2  | HP: 16/86 [wretched star/lance of force (23)]
 23844 | Abyss:2  | 23844 ||| INVOKING Heroism.
 23845 | Abyss:2  | 23845 ||| READING scroll of teleportation.
 23888 | Abyss:2  | 23888 ||| INVOKING Heroism.
 23895 | Abyss:2  | HP: 15/86 [eidolon (14)]
 23899 | Abyss:2  | Slain by a large abomination

Levels and vault maps discovered:
D:1:      elethiomel_arrival_maze, layout_basic
D:2:      layout_rooms, basic_ecumenical_altar, serial_shops, shop,
          minmay_circle_x
D:3:      layout_rooms, mainiacjoe_overflow_paths
D:4:      layout_basic, mainiacjoe_overflow_tiny_flanked, serial_shops,
          nicolae_stop_n_shop_2, uniq_grinder
D:5:      kennysheep_big_flooded_room, layout_basic,
          mainiacjoe_overflow_alcove_4, marbit_many_paths,
          minmay_temple_entry_nine_rooms,
          nicolae_concentric_dashed_squares_wild,
          minmay_fractal_squares_gapless_5
D:6:      layout_rooms, elyvilon_altar_5, nicolae_overflow_hidden_temple,
          mrwooster_statue_mirror, grunt_ministairs_7
D:7:      layout_gridville, nicolae_ossuary_entry_monument
D:8:      layout_basic, makhleb_blood_cavern_becter,
          eat_drink_and_be_merry_uskayaw, lair_entry_dummy, patterned_corridor,
          uniq_pikel
D:9:      layout_rooms, grunt_nemelex_the_gamble
D:10:     minmay_spotlight, layout_loops_ring, mainiacjoe_overflow_brackets
D:11:     layout_roguey, hiddenorc1_lemuel
D:12:     layout_small_grid, minivault_26, minmay_misc_feat_more_columns,
          minmay_hollow_rounded_squares, uniq_nergalle
D:13:     layout_roguey, ebering_ghost_gozag, laboratory
Temple:   hc_temple_tempest_star
Lair:1:   layout_chaotic_city, beast_lair_carwin_8, grunt_megastairs_5,
          wad_woods_river_01, infiniplex_staircase_pool_2
Lair:2:   layout_cave_pods, grunt_megastairs_4
Lair:3:   layout_long_grid, minmay_shoals_entry_hut,
          spider_nest_entry_web_field, serial_bayou_shore_b, grunt_megastairs_3,
          lemuel_fruit_tree
Lair:4:   layout_layer_cave, gauntlet_entry_generic, grunt_megastairs_1,
          uniq_josephine
Lair:5:   hellmonk_lair_end_abyssal_woods, layout_long_grid,
          dpeg_slime_entry_corner, basic_altar
Abyss:2:  base: D:14, hangedman_abyss_feature_spike

Skill      XL: |  1  2  3  4  5  6  7  8  9 10 11 12 13 14 15 |
---------------+----------------------------------------------+-----
Axes           | 2 3 10 11 12 13 14 15 | 15.0
Fighting       | 10 11 12 | 12.0
Shields        | 4 6 9 10 13 16 | 16.3
Dodging        | 1 2 3 4 |  4.0
Throwing       | 1 2 3 4 |  4.0
Invocations    | 7 8 10 | 10.0
Armour         | 4 6 7 8 9 10 | 10.1

Action                   |  1- 3 |  4- 6 |  7- 9 | 10-12 | 13-15 || total
-------------------------+-------+-------+-------+-------+-------++-------
Melee: War axe           |    53 |   107 |   188 |   370 |    18 ||   736
       Peck              |       |       |       |    87 |   254 ||   341
       Broad axe         |       |       |       |       |   904 ||   904
       Morningstar       |       |       |       |       |    39 ||    39
Throw: Boomerang         |       |       |    37 |    18 |   105 ||   160
       Javelin           |       |       |       |    43 |    54 ||    97
Invok: Heroism           |       |       |     7 |    22 |    50 ||    79
       Finesse           |       |       |       |       |    10 ||    10
  Use: Scroll            |     3 |     8 |     6 |     7 |    10 ||    34
       Potion            |     1 |     2 |     7 |     2 |     4 ||    16
Armor: Scale mail        |    49 |       |       |       |       ||    49
       Plate armour      |       |    40 |    82 |   156 |   333 ||   611
Dodge: Dodged            |    30 |    13 |    33 |    83 |   178 ||   337
Block: Buckler           |    11 |     8 |       |       |       ||    19
       Kite shield       |       |    26 |    64 |   221 |    78 ||   389
       Tower shield      |       |       |       |       |   618 ||   618

Table legend:
 A = Non-vault XP
 B = Vault XP
 C = Vault XP percentage of total XP
 D = Non-vault monster count
 E = Vault monster count
 F = Vault count percentage of total count
                 A         B        C        D         E       F
            +---------+---------+-------+---------+---------+-------
      Total |   82310 |   28482 |  25.7 |     388 |     149 |  27.7
            +---------+---------+-------+---------+---------+-------
        D:1 |      49 |       6 |  10.9 |      22 |       4 |  15.4
        D:2 |      45 |       3 |   6.2 |      17 |       2 |  10.5
        D:3 |      81 |       0 |   0.0 |      14 |       0 |   0.0
        D:4 |     750 |     272 |  26.6 |      16 |       1 |   5.9
        D:5 |     730 |     424 |  36.7 |      21 |       6 |  22.2
        D:6 |     460 |      46 |   9.1 |       7 |       1 |  12.5
        D:7 |    1160 |       0 |   0.0 |      17 |       0 |   0.0
        D:8 |    1597 |     820 |  33.9 |      29 |       3 |   9.4
        D:9 |    4415 |       0 |   0.0 |      35 |       0 |   0.0
       D:10 |    3587 |     431 |  10.7 |      19 |       3 |  13.6
       D:11 |    4940 |     220 |   4.3 |       9 |      16 |  64.0
       D:12 |   10864 |    3672 |  25.3 |      24 |       9 |  27.3
       D:13 |    7644 |       0 |   0.0 |      16 |       0 |   0.0
     Lair:1 |     841 |    3311 |  79.7 |       5 |      19 |  79.2
     Lair:2 |    7485 |     177 |   2.3 |      28 |       1 |   3.4
     Lair:3 |    7654 |    1101 |  12.6 |      34 |       8 |  19.0
     Lair:4 |    1182 |    2545 |  68.3 |       7 |       7 |  50.0
     Lair:5 |   12025 |   11814 |  49.6 |      34 |      39 |  53.4
    Abyss:2 |   16801 |       0 |   0.0 |      34 |       0 |   0.0
    Ossuary |       0 |     188 | 100.0 |       0 |      11 | 100.0
   Gauntlet |       0 |    3452 | 100.0 |       0 |      19 | 100.0
            +---------+---------+-------+---------+---------+-------
